 Dungeon Crawl Stone Soup version 0.27-a0-1230-gfc7c993222 (webtiles) character file.

Game seed: 5981843468465367727

2604 HAL9000 the Covert (level 9, -6/63 HPs)
             Began as a Vine Stalker Brigand on June 8, 2021.
             Killed from afar by an acid dragon (13 damage)
             ... with a splash of acid
             ... on level 8 of the Dungeon.
             The game lasted 00:28:07 (7186 turns).

HAL9000 the Covert (Vine Stalker Brigand)           Turns: 7186, Time: 00:28:07

Health: -6/63      AC: 16    Str: 16    XL:     9   Next: 59%
Magic:  0/10       EV:  2    Int: 12    God:
Gold:   183        SH:  5    Dex: 16    Spells: 8/8 levels left

rFire    . . .     SeeInvis +   k - +2 dagger (speed)
rCold    . . .     Faith    .   p - +0 buckler
rNeg     + + +     Spirit   +   (armour currently unavailable)
rPois    +         Reflect  .   (helmet currently unavailable)
rElec    .         Harm     .   (cloak currently unavailable)
rCorr    .         Rampage  .   (gloves currently unavailable)
Will     ++...     NoTele   +   (boots currently unavailable)
Stlth    +++++.....             q - amulet of the acrobat
HPRegen  1.20/turn              n - ring of willpower
MPRegen  0.12/turn              g - ring of see invisible

@: tree-form, corroded, hasted, very quick
A: stationary, stasis, torment immunity, boosted hp, (fangs 3), regeneration 1,
magic shield, (antimagic bite), no potion heal 2
a: no special abilities


You were on level 8 of the Dungeon.
You were a tree.
You visited 2 branches of the dungeon, and saw 9 of its levels.
You also visited: Sewer.

You collected 241 gold pieces.
You spent 58 gold pieces at shops.

Inventory:

Hand Weapons
 a - a +2 dagger
 k - a +2 dagger of speed (weapon)
 v - the +1 hunting sling "Xaghoes" {freeze, Str+4}
   (You found it on level 4 of the Dungeon)

   It causes projectiles fired from it to freeze those they strike, causing
   extra injury to most foes and up to half again as much damage against
   particularly susceptible opponents.
   They can also slow down cold-blooded creatures.
   It affects your strength (+4).
Missiles
 d - 39 poisoned darts (quivered)
 t - 9 boomerangs
Armour
 b - a +0 robe (melded)
 p - a +0 buckler (worn)
 s - a +0 helmet (melded)
 H - a +0 cloak (melded)
Jewellery
 g - a ring of see invisible (right branch)
 n - a ring of willpower (left branch)
 q - an amulet of the acrobat (around neck)
 w - a ring of protection from cold
 E - a +6 ring of intelligence
Wands
 D - a wand of iceblast (7)
 G - a wand of digging (4)
Scrolls
 i - 2 scrolls of blinking
 l - 3 scrolls of fear {unknown}
 u - a scroll of brand weapon {unknown}
 x - a scroll of teleportation {unknown}
 y - a scroll of fog {unknown}
 A - a scroll of magic mapping {unknown}
 B - a scroll of enchant armour {unknown}
 C - a scroll of noise {unknown}
 F - a scroll of identify
 I - a scroll of amnesia {unknown}
Potions
 h - 2 potions of curing
 j - a potion of lignification
 m - a potion of resistance {unknown}
 o - 3 potions of mutation
 r - 2 potions of degeneration {unknown}
 z - 2 potions of might {unknown}


   Skills:
 + Level 2.3 Fighting
 - Level 8.0 Short Blades
 - Level 1.7 Throwing
 - Level 0.7 Dodging
 + Level 11.5 Stealth
 - Level 4.0 Shields


You had 8 spell levels left.
You didn't know any spells.
Your spell library contained the following spells:

 Spells                   Type           Power      Damage    Failure   Level
 Beastly Appendage        Tmut           0%         N/A       32%         1
 Magic Dart               Conj           0%         1d3       32%         1
 Searing Ray              Conj           0%         3d3       45%         2
 Wereblood                Tmut           0%         N/A       45%         2
 Dazzling Flash           Conj/Hex       0%         N/A       69%         3
 Spider Form              Tmut/Pois      0%         N/A       69%         3
 Fulminant Prism          Conj/Hex       0%         3d6       97%         4
 Ice Form                 Ice/Tmut       0%         N/A       97%         4
 Iskenderun's Mystic Bla  Conj/Tloc      0%         2d3       97%         4
 Hydra Form               Tmut           0%         N/A       100%        5


Dungeon Overview and Level Annotations

Branches:
Dungeon (8/15)             Temple (1/1) D:5           Sewer (visited)
   Lair: D:8-11

Altars:
Ashenzari
Cheibriados
Elyvilon
Fedhas
Gozag
Kikubaaqudgha
Nemelex Xobeh
Okawaru
Qazlal
Ru
Trog
Uskayaw
Vehumet
Xom
Yredelemnul
The Shining One

Shops:
D:2 !?(![   D:7 *

Portals:
Abyss: D:7

Annotations:
D:7 2 transporters, knorpule3000's ghost, novice HuWn


Innate Abilities, Weirdness & Mutations

You are a tree.
Your roots penetrate the ground, keeping you stationary.
You cannot be teleported.
You are immune to unholy pain and torment.
Your maximum health is greatly increased.
Your equipment is partially melded.
((You have razor-sharp teeth.))
Your natural rate of healing is unusually fast.
When hurt, damage is shared between your health and your magic reserves.
((Your bite disrupts and absorbs the magic of your enemies.))
Potions cannot restore your health.


Message History

You hit the acid dragon.
The acid dragon is severely wounded.
You hit the acid dragon but do no damage.
The acid dragon is severely wounded.
You hit the acid dragon but do no damage.
The acid dragon is severely wounded.
The acid dragon bites you but does no damage.
The acid dragon claws you.
* * * LOW HITPOINT WARNING * * *
You hit the acid dragon but do no damage.
The acid dragon is severely wounded.
You barely miss the acid dragon.
The acid dragon is severely wounded.
The acid dragon bites you but does no damage.
You block the acid dragon's attack.
You feel yourself speed up. The acid dragon bites you.
* * * LOW HITPOINT WARNING * * *
You block the acid dragon's attack.
Unknown command.
You hit the acid dragon but do no damage.
The acid dragon is severely wounded.
You hit the acid dragon but do no damage.
The acid dragon is severely wounded.
You closely miss the acid dragon.
The acid dragon is severely wounded.
You barely miss the acid dragon.
The acid dragon is severely wounded.
The acid dragon bites you but does no damage.
The acid dragon claws you but does no damage.
You hit the acid dragon.
The acid dragon is severely wounded.
You hit the acid dragon but do no damage.
The acid dragon is severely wounded.
You hit the acid dragon but do no damage.
The acid dragon is severely wounded.
You hit the acid dragon but do no damage.
The acid dragon is severely wounded.
The acid dragon spits acid at you. The splash of acid hits you!
You die...

#.# ..
#.# #..
#.###...
......
#(...
####(.#
#..D.#
#..♣.#
#..<.#
#....#
#....#
#....#
#....#
#....#
#....#
.#####


You could see an acid dragon (catching breath).

Vanquished Creatures
  Grinder (D:3)
  2 water moccasins
  Duvessa (D:6)
  A black bear (D:6)
  A necrophage (D:5)
  3 ogres
  A phantom (D:5)
  5 kobold brigands (Sewer)
  Blork the orc (D:5)
  Dowan (D:6)
  A scorpion (D:6)
  A water moccasin skeleton (D:7)
  5 killer bees
  A centaur zombie (D:6)
  4 jellies
  2 centaur skeletons (D:7)
  2 orc priests
  A hound (D:4)
  A bullfrog skeleton (D:5)
  Jessica (D:2)
  Natasha (twice) (D:1)
  2 orc wizards
  A scorpion zombie (D:5)
  A hound zombie (D:5)
  Robin (D:2)
  7 gnolls
  11 adders
  2 river rats (Sewer)
  A white imp (D:6)
  An adder skeleton (D:4)
  5 worms
  16 orcs
  14 ball pythons
  5 bats
  10 endoplasms
  5 giant cockroaches
  12 goblins
  6 hobgoblins
  An iguana (D:4)
  3 jackals (D:4)
  5 quokkas
  5 frilled lizards
  10 kobolds
  5 rats
167 creatures vanquished.

Notes
Turn   | Place    | Note
-------+----------+-------------------------------------------
     0 | D:1      | HAL9000 the Vine Stalker Brigand began the quest for the
                  | Orb.
     0 | D:1      | Reached XP level 1. HP: 11/11 MP: 2/2
   179 | D:1      | Reached XP level 2. HP: 11/15 MP: 3/3
  1043 | D:1      | Reached XP level 3. HP: 18/18 MP: 4/4
  1115 | D:2      | Noticed Natasha
  1176 | D:2      | Noticed Jessica
  1178 | D:2      | Found Wyid's Antique Weapon Emporium.
  1180 | D:2      | Killed Jessica
  1181 | D:2      | Gained mutation: Your natural rate of healing is unusually
                  | fast. [Vine Stalker growth]
  1181 | D:2      | Reached XP level 4. HP: 23/23 MP: 5/5
  1209 | D:2      | Found Hyonui's Distillery.
  1243 | D:2      | Found Ite Cecs's Armour Shop.
  1282 | D:1      | Killed Natasha
  1327 | D:2      | Bought a +0 buckler for 58 gold pieces
  1466 | D:2      | Noticed Robin
  1500 | D:1      | Noticed Natasha
  1515 | D:1      | Killed Natasha
  1516 | D:1      | Reached XP level 5. HP: 16/26 MP: 3/6
  1568 | D:2      | Found Orrutao's Distillery.
  1614 | D:2      | Found Irchaola's Magic Scroll Emporium.
  1666 | D:2      | Killed Robin
  2034 | D:3      | Reached skill level 5 in Short Blades
  2250 | D:3      | Noticed Grinder
  2256 | D:3      | Killed Grinder
  2257 | D:3      | Reached skill level 1 in Shields
  2257 | D:3      | Reached XP level 6. HP: 30/30 MP: 5/7
  2318 | D:3      | Found a radiant altar of Vehumet.
  2626 | D:3      | Reached XP level 7. HP: 34/34 MP: 8/8
  2784 | D:4      | Found a broken altar of Ashenzari.
  3147 | D:4      | Identified the +1 hunting sling "Xaghoes" {freeze, Str+4}
  3280 | D:4      | Found a shimmering altar of Xom.
  3399 | D:4      | Found a glowing golden altar of the Shining One.
  3401 | D:4      | Noticed an angel
  3508 | D:4      | Found a basalt altar of Yredelemnul.
  3510 | D:4      | Noticed a profane servitor
  3619 | D:5      | Entered Level 5 of the Dungeon
  3715 | D:5      | Reached skill level 5 in Stealth
  3735 | D:5      | Found a glowing drain.
  3767 | D:5      | Reached skill level 6 in Stealth
  3779 | Sewer    | Entered a sewer
  3867 | Sewer    | Gained mutation: You have razor-sharp teeth. [Vine Stalker
                  | growth]
  3867 | Sewer    | Reached XP level 8. HP: 36/38 MP: 9/9
  3945 | Sewer    | Reached skill level 7 in Stealth
  4177 | Sewer    | Reached skill level 8 in Stealth
  4751 | D:5      | Reached skill level 9 in Stealth
  4998 | D:5      | Found a sparkling altar of Nemelex Xobeh.
  5048 | D:5      | Noticed Blork the orc
  5055 | D:5      | Killed Blork the orc
  5056 | D:5      | Reached skill level 10 in Stealth
  5057 | D:5      | Found a staircase to the Ecumenical Temple.
  5073 | Temple   | Entered the Ecumenical Temple
  5266 | D:6      | Reached XP level 9. HP: 41/42 MP: 10/10
  5324 | D:6      | Found a hide-covered altar of Uskayaw.
  5378 | D:6      | Noticed Duvessa
  5382 | D:6      | Noticed Dowan
  5393 | D:6      | Killed Duvessa
  5415 | D:6      | Killed Dowan
  6362 | D:7      | Found a transporter.
  6366 | D:7      | Found a transporter.
  6368 | D:7      | Found a one-way gate to the infinite horrors of the Abyss.
  6368 | D:7      | Noticed knorpule3000's ghost (novice HuWn)
  6491 | D:7      | Reached skill level 11 in Stealth
  6916 | D:7      | Found Tounu's Assorted Antiques.
  7186 | D:8      | Killed from afar by an acid dragon

Illustrated notes

Levels and vault maps discovered:
D:1:      dpeg_arrival_line_fractal, layout_loops_ring
D:2:      layout_rooms, serial_shops, shop, nicolae_shop_waterfront,
          nicolae_shop_behind_doors, shop, nicolae_shop_waterfront,
          minmay_pentomino_w2, uniq_natasha, uniq_robin, uniq_jessica
D:3:      layout_loops_ring, lemuel_tele_altar, uniq_grinder
D:4:      layout_basic, grunt_temple_overflow_holy_war, ashenzari_altar_1,
          dk_xom_monty_hall, fountainhead
D:5:      layout_rooms, nemelex_dance_club_becter, minmay_temple_entry_trees,
          portal_sewer_entry_f, uniq_blork_the_orc
D:6:      layout_basic, nicolae_uskayaw_dance_hall, uniq_duvessa
D:7:      layout_cave_pools, serial_column_ruins, column_ruins_open_small_water,
          column_ruins_open_small, column_ruins_grid_4, column_ruins_grid_1,
          column_ruins_open_tiny, serial_shops, nicolae_shop_overgrown_old_shop,
          gammafunk_ghost_abyssal_escape, minmay_misc_feat_hallway
D:8:      layout_rooms
Temple:   jpeg_temple_island

Skill      XL: |  1  2  3  4  5  6  7  8  9 |
---------------+----------------------------+-----
Short Blades   | 2 3 4 6 7 8 |  8.0
Shields        | 1 4 |  4.0
Stealth        | 6 10 11 | 11.5
Fighting       | 2 |  2.3
Throwing       | |  1.7
Dodging        | |  0.7

Action                   |  1- 3 |  4- 6 |  7- 9 || total
-------------------------+-------+-------+-------++-------
Melee: Dagger            |    52 |   137 |   493 ||   682
       Bite              |     7 |    46 |   131 ||   184
Throw: Dart              |    12 |    26 |    60 ||    98
Evoke: Wand              |       |       |     2 ||     2
  Use: Scroll            |       |     4 |     3 ||     7
       Potion            |       |     1 |     2 ||     3
 Stab: Sleeping          |     6 |     9 |    15 ||    30
       Distracted        |       |     1 |     1 ||     2
Armor: Robe              |    12 |    13 |    34 ||    59
       Skin              |       |       |    13 ||    13
Dodge: Dodged            |    31 |    41 |   127 ||   199
Block: Buckler           |       |    10 |    56 ||    66

Table legend: (Time is in decaauts)
 A = Elapsed time spent in this place.
 B = Non-inter-level travel time spent in this place.
 C = Inter-level travel time spent in this place.
 D = Time resting spent in this place.
 E = Time spent auto-exploring this place.
 F = Levels seen in this place.
 G = Mean time per level.
                   A        B        C        D        E       F      G
               +--------+--------+--------+--------+--------+-----+--------+
         Total |   7072 |   6556 |    516 |    379 |   4555 |  10 |  707.2 |
       Dungeon |   5962 |   5460 |    502 |    277 |   3922 |   8 |  745.2 |
        Temple |     82 |     68 |     14 |      0 |     52 |   1 |   82.0 |
         Sewer |   1026 |   1026 |      0 |    102 |    580 |   1 | 1026.0 |
               +--------+--------+--------+--------+--------+-----+--------+

Top non-repeatable levels by time:
     D:1: 1251 daAuts
   Sewer: 1026 daAuts
     D:6: 1008 daAuts
     D:3: 840 daAuts
     D:4: 818 daAuts
     D:7: 768 daAuts
     D:5: 648 daAuts
     D:2: 609 daAuts
  Temple: 82 daAuts
     D:8: 18 daAuts
